Unix NetHack Version 5.0.0-0 post-release - last build Jul 14 2026 02:55:29 (1809b74e8187c3a3585e283601c3028b46cbbdcb,branch:main).

Game began 2026-07-13 22:25:15, ended 2026-07-14 16:39:10.

Atrocia, chaotic female human Rogue

                            -------            -----
                            |.....|--     ------...|
                            |.....+.|     |........|
                          --|.....|-|     |..`.`.`.|
                          |.+.....+.|   ----.-------
                          |.|.....|-|  --`.a..`.`.|
                          |.|.....+.|  |......@a..|
                          |.|.....|--  |.........[|
                          |.|------   --------)-----
                          |.|         |............|
                          |.|         |....a.......|
                          |.|         |----.--------
                          |.|         |.`...a.`.`.|
                          |.|         |%.....%....|
                          |.|         ------.-------
                          |.----------------.......|
                          |.^^^^^^^........^......>|
                          --------------------------
Atrocia the Rogue       St:17 Dx:14 Co:18 In:8 Wi:10 Ch:9  Chaotic
Dlvl:2  $:128 HP:0(70) Pw:32(32) AC:-1 Xp:8 T:7670 

Latest messages:
 The 1st dagger misses the soldier ant.
 The 2nd dagger hits the soldier ant!
 The soldier ant bites!
 The soldier ant misses!
 The soldier ant bites!
 The soldier ant stings!
 In what direction? 2
 You throw 3 daggers.
 The 1st dagger hits the soldier ant!
 The 2nd dagger hits the soldier ant.
 The 3rd dagger hits the soldier ant!
 The soldier ant bites!
 The soldier ant misses!
 The soldier ant bites!
 The soldier ant misses!
 The soldier ant bites!
 The soldier ant misses!
 In what direction? 2
 You throw 3 daggers.
 The 1st dagger misses the soldier ant.
 The 2nd dagger misses the soldier ant.
 The 3rd dagger hits the soldier ant!
 The soldier ant misses!
 The soldier ant stings!
 The soldier ant bites!
 The soldier ant stings!
 The soldier ant misses!
 The soldier ant misses!
 The soldier ant misses!
 The soldier ant stings!
 What do you want to write with? [- bcijl-ptv or ?*] ?
 You engrave in the floor with an uncursed wand of digging.
 What do you want to engrave in the floor here? Elbereth
 Gravel flies up from the floor.
 The soldier ant turns to flee.
 The soldier ant turns to flee.
 The soldier ant turns to flee.
 The soldier ant turns to flee.
 t - 8 +0 daggers (at the ready) (17 in total).
 Something is engraved here on the floor.
 You read: "Elbereth".
 The soldier ant bites!
 The soldier ant stings!
 Are you waiting to get hit?  Use 'm' prefix to force a no-op (to rest).
 The soldier ant bites!
 The soldier ant stings!
 The soldier ant bites!
 You die...
 Do you want your possessions identified? [ynq] (y) y
 Do you want to see your attributes? [ynq] (y) q

Inventory:
 Coins    ('$')
  $ - 128 gold pieces
 Amulets  ('"')
  H - an uncursed amulet of ESP (being worn)
 Weapons  (')')
  b - a +0 dagger (weapon in left hand)
  t - 17 +0 daggers (at the ready)
 Armor    ('[')
  Q - a blessed +0 dwarvish iron helm (being worn)
  E - an uncursed +0 pair of iron shoes (being worn)
  z - a blessed +1 dwarvish cloak (being worn)
  T - an uncursed +0 dwarvish mithril-coat (being worn)
 Comestibles  ('%')
  k - 2 uncursed slime molds
  P - 2 uncursed carrots
  g - 2 uncursed food rations
  q - 2 uncursed lembas wafers
  d - 3 uncursed tripe rations
  w - an uncursed egg
  h - 4 uncursed lichen corpses
  y - an uncursed lizard corpse
 Potions  ('!')
  a - an uncursed potion of restore ability
 Rings    ('=')
  l - an uncursed ring of fire resistance
  v - an uncursed ring of see invisible
  o - an uncursed ring of teleport control
 Wands    ('/')
  j - a wand of digging (0:5)
  i - a wand of polymorph (0:4)
  m - a wand of secret door detection (0:11)
  n - a wand of slow monster (0:7)
  p - a wand of slow monster (0:5)
  c - a wand of teleportation (0:4)
 Tools    ('(')
  f - an empty uncursed sack
  e - an uncursed lock pick
  A - a +0 pick-axe (alternate weapon; not wielded)

Atrocia the Rogue's attributes:

Background:
 You were a Rogue, level 8 female human.
 You were chaotic, on a mission for Kos
 who was opposed by Issek (lawful) and Mog (neutral).
 You were left-handed.
 You were in Sokoban, on level 2.
 You entered the dungeon 7670 turns ago.
 There was a new moon in effect when your adventure ended.
 You had 1679 experience points, 881 more were needed to attain level 9.

Basics:
 You had 0 out of 70 hit points.
 You had all 32 energy points (spell power).
 Your armor class was -1.
 Your wallet contained 128 zorkmids.
 Autopickup was on for '$"?+!=/' plus thrown.

Final Characteristics:
 Your strength was 17 (peak:18, limit:18/100).
 Your dexterity was 14 (limit:18).
 Your constitution was 18 (limit:18).
 Your intelligence was 8 (limit:18).
 Your wisdom was 10 (limit:18).
 Your charisma was 9 (limit:18).

Final Status:
 You weren't hungry.
 You were unencumbered.
 You were wielding a dagger.
 You were skilled in dagger and could have enhanced that.

Final Attributes:
 You were piously aligned.
 Your items were somewhat protected from fire.
 You were cold resistant.
 Your items were somewhat protected from cold.
 You were poison resistant.
 You were telepathic.
 You were stealthy.
 You were guarded.
 Your spell casting was impaired by metallic armor.
 You are dead.

Miscellaneous:
 You didn't encounter any bones levels.
 Total elapsed playing time was 3 hours, 58 minutes and 2 seconds.

Major events:
 Turn
    1: Atrocia the chaotic female human Rogue entered the dungeon
 1050: attained the rank of Cutpurse (level 3)
 1362: entered the Gnomish Mines
 2210: reached Mine Town
 2396: attained the rank of Rogue (level 6)
 5255: entered Sokoban
 5683: completed 1st Sokoban level
 6406: completed 2nd Sokoban level
 6855: completed 3rd Sokoban level
 7670: killed by a soldier ant

Spells:
 Name                 Level Category     Fail Retention
 remove curse           3   clerical     100%   51%-75%

Skills:
 Fighting Skills
   bare handed combat [Unskilled]
   two weapon combat  [Unskilled]
   riding             [Unskilled]
 Weapon Skills
   dagger             [Skilled]
   knife              [Unskilled]
   short sword        [Basic]
   broadsword         [Unskilled]
   long sword         [Unskilled]
   two-handed sword   [Unskilled]
   saber              [Unskilled]
   club               [Unskilled]
   mace               [Unskilled]
   morning star       [Unskilled]
   flail              [Unskilled]
   hammer             [Unskilled]
   polearms           [Unskilled]
   spear              [Unskilled]
   crossbow           [Unskilled]
   dart               [Unskilled]
   shuriken           [Unskilled]
 Spellcasting Skills
   divination spells  [Unskilled]
   escape spells      [Unskilled]
   matter spells      [Unskilled]

Voluntary challenges:
 Character rerolling was not enabled.
 You never genocided any monsters.
 You never polymorphed an object.
 You never changed form.
 You used no wishes.
 You did not violate any of the special Sokoban rules.
Achievements:
 You entered a shop.
 You attained the rank of Cutpurse.
 You entered the Gnomish Mines.
 You entered Minetown.
 You attained the rank of Rogue.
 You entered a temple.
 You entered Sokoban.

 The Dungeons of Doom: levels 1 to 7
    Level 1:
       Some fountains, a sink.
    Level 2:
       Some fountains, a grave.
    Level 3:
       A general store, a fountain.
    Level 4:
       A fountain.
       Stairs down to The Gnomish Mines.
    Level 5:
       Many fountains.
    Level 6:
       A fountain.
       Stairs up to Sokoban, level 5.
    Level 7:
 The Gnomish Mines: levels 5 to 7
    Level 5:
    Level 6:
    Level 7:
       Many shops, a temple and an altar to Kos, some fountains.
 Sokoban: levels 5 up to 2
    Level 2: <- You were here.
       Unsolved.
       Final resting place for
          you, killed by a soldier ant.
    Level 3:
       Solved.
    Level 4:
       Solved.
    Level 5:
       Solved.


Vanquished creatures:
  a giant mimic
  a wumpus
 an ogre leader
  a carnivorous ape
  a leather golem
  a crocodile
  2 giant beetles
  a cockatrice
  a wolf
  a winter wolf cub
  a lynx
  a leprechaun
  a gnome ruler
  a brown pudding
 an owlbear
  a yeti
  2 gold golems
  a lizard
  a dog
  a dwarf leader
  a gnome mummy
  a human zombie
  a water nymph
  a mountain nymph
  4 yellow lights
  a shrieker
  6 gnome leaders
  2 gnomish wizards
  a kobold mummy
  2 guardian naga hatchlings
  a gray ooze
  a ghoul
  a paper golem
  2 floating eyes
  7 dwarves
  4 rothes
  a rabid rat
  a giant bat
  a monkey
  a wererat
  a werejackal
  2 iguanas
 an acid blob
  4 coyotes
  2 gas spores
  2 hobbits
 10 manes
  a giant rat
  5 cave spiders
  a brown mold
  a yellow mold
  a red mold
 23 gnomes
  9 garter snakes
  3 geckos
  6 jackals
  3 goblins
  7 sewer rats
  3 grid bugs
  3 bats
  5 lichens
  a kobold zombie
  7 newts
163 creatures vanquished.

No species were genocided or became extinct.

Game over:
                       ----------
                      /          \
                     /    REST    \
                    /      IN      \
                   /     PEACE      \
                  /                  \
                  |     Atrocia      |
                  |      128 Au      |
                  |   killed by a    |
                  |   soldier ant    |
                  |                  |
                  |                  |
                  |       2026       |
                 *|     *  *  *      | *
        _________)/\\_//(\/(/\)/\//\/|_)_______

Goodbye Atrocia the Rogue...

You died in Sokoban on dungeon level 2 with 7172 points,
and 128 pieces of gold, after 7670 moves.
You were level 8 with a maximum of 70 hit points when you died.

